 Dungeon Crawl Stone Soup version 0.24.0-35-gdb84b6a5db (webtiles) character file.

Game seed: 13512115437827827545, levelgen mode: deterministic

22557 Delamore the Severer (level 13, -6/118 HPs)
             Began as a Hill Orc Fighter on Nov 18, 2019.
             Was the Champion of Okawaru.
             Mangled by a death yak (19 damage)
             ... on level 11 of the Dungeon.
             The game lasted 00:25:19 (10885 turns).

Delamore the Severer (Hill Orc Fighter)            Turns: 10885, Time: 00:25:19

Health: -6/118     AC: 14    Str: 31    XL:     13   Next: 1%
Magic:  13/13      EV: 16    Int:  8    God:    Okawaru [******]
Gold:   199        SH: 14    Dex: 10    Spells: 12/12 levels left

rFire    . . .     SeeInvis +   I - +2 hand axe (flame)
rCold    . . .     Gourm    .   c - +0 shield
rNeg     . . .     Faith    .   R - +4 ring mail of the Snail {+Inv Str+7 SInv Stlth+}
rPois    +         Spirit   .   (no helmet)
rElec    .         Reflect  .   S - scarf {repulsion}
rCorr    .         Harm     .   y - +0 pair of gloves
MR       .....                  t - +0 pair of boots
Stlth    +.........             (no amulet)
HPRegen  0.29/turn              e - +6 ring of evasion
MPRegen  0.13/turn              o - ring of poison resistance

@: repel missiles
A: no striking features
a: Heroism, Finesse, Renounce Religion, Evoke Invisibility


You were on level 11 of the Dungeon.
You worshipped Okawaru.
Okawaru was exalted by your worship.
You were very hungry.

You visited 2 branches of the dungeon, and saw 12 of its levels.
You also visited: Bailey.

You collected 641 gold pieces.
You spent 442 gold pieces at shops.

Inventory:

Hand Weapons
 H - a +4 bardiche of protection
 I - a +2 hand axe of flaming (weapon)
Missiles
 n - 10 javelins (quivered)
Armour
 c - a +0 shield (worn)
 t - a +0 pair of boots (worn)
 y - a +0 pair of gloves (worn)
 Q - the +1 ring mail of Moral Flaws {rF+ rN+ MR+ Str-4}
   (You found it on level 8 of the Dungeon)

   It affects your strength (-4).
   It protects you from fire.
   It protects you from negative energy.
   It affects your resistance to hostile enchantments.
 R - the +4 ring mail of the Snail (worn) {+Inv Str+7 SInv Stlth+}
   (You bought it in a shop on level 9 of the Dungeon)

   It affects your strength (+7).
   It lets you see invisible.
   It lets you turn invisible.
   It makes you more stealthy.
 S - a scarf of repulsion (worn)
Jewellery
 e - a +6 ring of evasion (left hand)
 l - an uncursed ring of positive energy
 o - a ring of poison resistance (right hand)
 v - a +5 ring of intelligence
Wands
 x - a wand of enslavement (1)
 K - a wand of paralysis (8)
 N - a wand of flame (16)
Scrolls
 a - a scroll of identify
 g - 3 scrolls of enchant armour
 i - 3 scrolls of enchant weapon
 m - 2 scrolls of teleportation
 r - 6 scrolls of remove curse
 z - 2 scrolls of fog
 T - a scroll of blinking
Potions
 h - 5 potions of flight
 p - a potion of cancellation
 s - a potion of mutation {unknown}
 u - a potion of berserk rage {unknown}
 w - a potion of brilliance
 B - 2 potions of ambrosia
 C - a potion of lignification {unknown}
 D - 2 potions of haste {unknown}
 E - 4 potions of curing
 G - a potion of magic {unknown}
 M - a potion of resistance {unknown}
Miscellaneous
 O - a fan of gales
Comestibles
 f - 18 rations


   Skills:
 + Level 12.0 Fighting
 - Level 17.4 Axes
 + Level 10.6 Armour
 * Level 13.7 Shields


You had 12 spell levels left.
You didn't know any spells.
Your spell library contained the following spells:

 Spells                   Type           Power        Failure   Level  Hunger
 Infusion                 Chrm           #...         56%         1    ##.....
 Shroud of Golubria       Chrm/Tloc      #.....       71%         2    ###....
 Song of Slaying          Chrm           #.......     71%         2    ###....
 Regeneration             Chrm/Necr      #.........   90%         3    ####...
 Spectral Weapon          Hex/Chrm       #.......     90%         3    ####...


Dungeon Overview and Level Annotations

Branches:
Dungeon (11/15)            Temple (1/1) D:6            Lair (0/6) D:11
    Orc (0/2) D:9          Bailey (visited)

Altars:
Ashenzari
Dithmenos
Elyvilon
Fedhas
Gozag
Hepliaklqana
Kikubaaqudgha
Makhleb
Nemelex Xobeh
Okawaru
Qazlal
Ru
Sif Muna
Trog
Uskayaw
Vehumet
Wu Jian
Xom
Yredelemnul
Zin
The Shining One

Shops:
D:9 [   D:10 }


Message History

The death yak is lightly wounded.
You slash the death yak! You burn the death yak.
The death yak is moderately wounded.
You block the death yak's attack.
You barely miss the death yak.
The death yak is moderately wounded.
You block the death yak's attack.
You barely miss the death yak.
The death yak is moderately wounded.
You hear the faint crackling of a distant melting archway.
You hit the death yak. You burn the death yak.
The death yak is moderately wounded.
The death yak gores you!
* * * LOW HITPOINT WARNING * * *
You hit the death yak. You burn the death yak.
The death yak is moderately wounded.
You slash the death yak! You burn the death yak.
The death yak is severely wounded.
The death yak gores you!!
You die...

,*,*,,,*,,,,,* #.#
,*,*,***,,**** #.#
,*,*,,,*,,*****####.#
,,,,,,,,,,,,,,,.>##.#
,*,*,*,*,******#.##.#
,,,,,,,,,* *,,,#(##.#
******,*,* *,,,#.##.#
*,,,* *,,,#.##.#
*,*,**#.,,#@##.#
*,*,,##...#Y##.######
*,,,....Y.Yo†.......#
*********.######.##.####.#
,,,,,,,,,,*,,,,#.##.# *,*
*,,,,****,,,,,,#.##.# *,*
*,,,,,,,*,,**,,#.##.#***,*
*,,,,,,,,,,**,,.....#,,<,*
*,,,,**,**,**,,....##,**,*


You could see 2 death yaks and an orc wizard.

Vanquished Creatures
  4 two-headed ogres
  5 death yaks (D:11)
  The ghost of sneaky the Cleaver, a novice MiFi of Okawaru (D:6)
  A gargoyle (D:10)
  The ghost of barb4r1an the Changer, a novice OpTm of Cheibriados (D:5)
  The ghost of Banto the Jinx, a novice FeEn of Dithmenos (D:7)
  2 trolls
  4 hippogriffs
  A wyvern (D:9)
  A wraith (D:10)
  17 yaks
  Eustachio (D:6)
  2 basilisks (D:11)
  A hungry ghost (D:11)
  2 water moccasins
  A black bear (D:9)
  8 orc warriors
  2 sky beasts
  5 ice beasts
  11 ogres
  2 phantoms
  12 centaurs
  5 bullfrogs
  A wyvern skeleton (D:11)
  2 scorpions (D:5)
  12 killer bees
  An electric eel (D:7)
  2 howler monkeys (D:11)
  5 crimson imps
  4 hounds
  3 quasits
  A jelly (D:7)
  A gnoll shaman (D:9)
  Crazy Yiuf (D:7)
  4 orc priests
  A bullfrog skeleton (D:11)
  2 iguanas
  2 centaur skeletons
  10 orc wizards
  6 worker ants
  2 centaur simulacra (D:7)
  3 gnolls (D:9)
  15 adders
  2 shadow imps
  A white imp (D:7)
  An ooze (D:3)
  An adder zombie (D:6)
  4 worms
  2 dart slugs
  4 leopard geckos
  48 orcs
  9 giant cockroaches
  8 hobgoblins
  4 jackals (D:5)
  4 quokkas
  8 bats
  6 frilled lizards
  11 goblins
  6 kobolds
  2 quokka simulacra
  7 rats
296 creatures vanquished.

Vanquished Creatures (collateral kills)
  3 orc warriors (Bailey)
  4 orcs (Bailey)
7 creatures vanquished.

Vanquished Creatures (others)
  An orc (Bailey)
1 creature vanquished.

Grand Total: 304 creatures vanquished

Notes
Turn   | Place    | Note
-------+----------+-------------------------------------------
     0 | D:1      | Delamore the Hill Orc Fighter began the quest for the Orb.
     0 | D:1      | Reached XP level 1. HP: 19/19 MP: 1/1
    81 | D:1      | Reached skill level 3 in Axes
   118 | D:1      | Reached XP level 2. HP: 20/26 MP: 2/2
   171 | D:1      | Reached skill level 4 in Axes
   564 | D:1      | Reached XP level 3. HP: 28/31 MP: 3/3
   657 | D:2      | Found a shimmering altar of Xom.
   706 | D:2      | Reached skill level 5 in Axes
   885 | D:2      | Reached XP level 4. HP: 32/39 MP: 4/4
  1119 | D:2      | Reached skill level 6 in Axes
  1564 | D:3      | Reached XP level 5. HP: 45/45 MP: 5/5
  1733 | D:3      | Noticed a sky beast
  1753 | D:3      | Killed a sky beast
  1753 | D:3      | Reached skill level 7 in Axes
  2286 | D:3      | Noticed an ogre
  2325 | D:4      | Noticed an ogre
  2326 | D:4      | Reached skill level 8 in Axes
  2326 | D:4      | Reached XP level 6. HP: 47/51 MP: 6/6
  2562 | D:3      | Reached skill level 9 in Axes
  2880 | D:4      | Reached XP level 7. HP: 47/57 MP: 7/7
  2996 | D:4      | Reached skill level 10 in Axes
  3260 | D:5      | Entered Level 5 of the Dungeon
  3282 | D:5      | Noticed barb4r1an's ghost (novice OpTm)
  3288 | D:5      | Found a transporter.
  3294 | D:5      | Found a transporter.
  3566 | D:5      | Reached skill level 11 in Axes
  3665 | D:5      | Reached XP level 8. HP: 57/64 MP: 8/8
  3945 | D:5      | Reached skill level 12 in Axes
  4242 | D:6      | Found a staircase to the Ecumenical Temple.
  4334 | Temple   | Entered the Ecumenical Temple
  4409 | Temple   | Became a worshipper of Warmaster Okawaru
  4809 | D:6      | Noticed Eustachio
  4835 | D:6      | Killed Eustachio
  4835 | D:6      | Reached skill level 13 in Axes
  4891 | D:6      | Found a runed translucent gate.
  4891 | D:6      | Found a runed translucent gate.
  4891 | D:6      | Found a runed translucent gate.
  4976 | D:6      | Noticed sneaky's ghost (novice MiFi)
  5283 | D:5      | Killed barb4r1an's ghost
  5283 | D:5      | Reached skill level 14 in Axes
  5283 | D:5      | Reached XP level 9. HP: 20/70 MP: 9/9
  5691 | D:6      | Killed sneaky's ghost
  5691 | D:6      | Reached * piety under Okawaru
  5691 | D:6      | Reached skill level 15 in Axes
  5814 | D:7      | Found an opulent altar of Gozag.
  5884 | D:7      | Reached ** piety under Okawaru
  5903 | D:7      | Found a flagged portal.
  5924 | Bailey   | Entered a bailey
  6243 | Bailey   | Reached skill level 16 in Axes
  6697 | Bailey   | Reached XP level 10. HP: 68/77 MP: 10/10
  6868 | Bailey   | Reached *** piety under Okawaru
  7024 | Bailey   | Reached skill level 17 in Axes
  7596 | D:7      | Found a runed translucent gate.
  7597 | D:7      | Found a runed translucent gate.
  7598 | D:7      | Found a runed translucent gate.
  7635 | D:7      | Noticed Banto's ghost (novice FeEn)
  7776 | D:7      | Killed Banto's ghost
  7776 | D:7      | Reached skill level 5 in Fighting
  7776 | D:7      | Reached skill level 5 in Shields
  7983 | D:7      | Reached XP level 11. HP: 89/99 MP: 11/11
  8019 | D:7      | Found a runed translucent door.
  8020 | D:7      | Noticed Crazy Yiuf
  8131 | D:7      | Reached **** piety under Okawaru
  8340 | D:7      | Found a glowing silver altar of Zin.
  8343 | D:7      | Found a shadowy altar of Dithmenos.
  8351 | D:7      | Found a shattered altar of Ashenzari.
  8386 | D:7      | Found a blossoming altar of Fedhas.
  8648 | D:7      | Killed Crazy Yiuf
  8754 | D:8      | Got a spiked ring mail
  8765 | D:8      | Identified the +1 ring mail of Moral Flaws {rF+ rN+ MR+
                  | Str-4} (You found it on level 8 of the Dungeon)
  8901 | D:8      | Reached skill level 10 in Fighting
  9095 | D:8      | Noticed a two-headed ogre
  9103 | D:8      | Killed a two-headed ogre
  9103 | D:8      | Reached ***** piety under Okawaru
  9470 | D:9      | Found Vemoz's Antique Armour Emporium.
  9522 | D:9      | Bought a translucent ring mail for 234 gold pieces
  9522 | D:9      | Bought a runed scarf for 208 gold pieces
  9542 | D:9      | Identified the +4 ring mail of the Snail {+Inv Str+7 SInv
                  | Stlth+} (You bought it in a shop on level 9 of the Dungeon)
  9727 | D:9      | Found a staircase to the Orcish Mines.
  9807 | D:9      | Found a glowing golden altar of the Shining One.
  9998 | D:9      | Found an ornate altar of the Wu Jian Council.
 10102 | D:10     | Entered Level 10 of the Dungeon
 10129 | D:10     | Reached XP level 12. HP: 100/107 MP: 12/12
 10171 | D:10     | Found Ymuem's Gadget Boutique.
 10192 | D:10     | Reached skill level 10 in Shields
 10530 | D:10     | Received a gift from Okawaru
 10777 | D:11     | Noticed a two-headed ogre
 10777 | D:11     | Noticed a two-headed ogre
 10790 | D:11     | Killed a two-headed ogre
 10791 | D:11     | Noticed a two-headed ogre
 10802 | D:11     | Killed a two-headed ogre
 10802 | D:11     | Reached ****** piety under Okawaru
 10808 | D:11     | Killed a two-headed ogre
 10808 | D:11     | Reached skill level 10 in Armour
 10817 | D:11     | Noticed a death yak
 10825 | D:11     | Noticed a death yak
 10831 | D:11     | Noticed a death yak
 10837 | D:11     | Noticed a death yak
 10838 | D:11     | Killed a death yak
 10843 | D:11     | Noticed a death yak
 10852 | D:11     | Noticed a death yak
 10852 | D:11     | Killed a death yak
 10853 | D:11     | Noticed a death yak
 10858 | D:11     | Killed a death yak
 10871 | D:11     | Killed a death yak
 10875 | D:11     | Killed a death yak
 10877 | D:11     | Reached XP level 13. HP: 21/118 MP: 13/13
 10885 | D:11     | Mangled by a death yak

Levels and vault maps discovered:
D:1:      dpeg_arrival_castle, layout_basic
D:2:      layout_loops_ring, xom_teletrap_fun
D:3:      minmay_inner_zag, layout_loops_cross
D:4:      layout_rooms, first_ration
D:5:      layout_loops_ring, gammafunk_ghost_arena
D:6:      wad_pebble_path, layout_basic, temple_pool_b,
          gammafunk_ghost_necromancy, uniq_eustachio
D:7:      layout_basic, fedhas_altar_1, grunt_temple_overflow_open,
          enter_bailey_3, basic_altar, gammafunk_ghost_icy,
          minmay_crystal_water, uniq_crazy_yiuf_cottage
D:8:      layout_loops_ring
D:9:      layout_cave_pools, nicolae_overflow_hidden_temple, serial_shops,
          nicolae_shop_overgrown_old_shop, serial_rivers,
          chequers_serial_rivers_large_b, chequers_serial_rivers_marsh,
          chequers_serial_rivers_micro_b, chequers_serial_rivers_room_b
D:10:     layout_cave_pools, serial_shops, shop
D:11:     layout_basic, dpeg_lair_monsters, biasface_ghost_orc_armoury,
          portal_ice_cave_entry_pillars_2
Temple:   eino_temple_rhombus

Skill      XL: |  1  2  3  4  5  6  7  8  9 10 11 12 |
---------------+-------------------------------------+-----
Axes           | 3 4 5 6 8 9 11 14 16 17 | 17.4
Fighting       | 9 10 12 | 12.0
Shields        | 5 9 13 | 13.7
Armour         | 8 9 10 | 10.6

Action                   |  1- 3 |  4- 6 |  7- 9 | 10-12 | 13-15 || total
-------------------------+-------+-------+-------+-------+-------++-------
Melee: War axe           |    98 |   167 |   391 |   164 |       ||   820
       Hand axe          |       |       |       |   489 |     8 ||   497
Throw: Javelin           |       |       |       |    10 |       ||    10
Evoke: Wand              |       |       |     3 |       |       ||     3
  Use: Scroll            |       |       |    13 |     8 |       ||    21
       Potion            |       |       |     1 |    10 |       ||    11
 Stab: Sleeping          |       |       |       |     1 |       ||     1
  Eat: Chunk             |       |     6 |     9 |    11 |       ||    26
       Ration            |       |       |     1 |     1 |       ||     2
Armor: Scale mail        |    33 |    20 |       |       |       ||    53
       Plate armour      |       |    31 |   198 |       |       ||   229
       Chain mail        |       |       |     5 |    82 |       ||    87
       Ring mail         |       |       |       |    80 |       ||    80
Dodge: Dodged            |    48 |    70 |   164 |   282 |     1 ||   565
       Deflected         |       |       |       |     2 |       ||     2
Block: Shield            |    49 |    62 |   184 |   291 |     2 ||   588
